PAA
SUN PRAIRIE SWALLOWS @ MERCER ISLAND SCREAMING EAGLES
08/08/2020
 
TOP OF THE 1ST
Sun Prairie Swallows batting - Pitching for Mercer Island Screaming Eagles : RHP Adrian David
Pitching: RHP Adrian David
Batting: RHB Jim Unknown 0-0: Ball
1-0: Ball
2-0: Ball
3-0: Called Strike
3-1: Called Strike
3-2: Foul Ball, location: 2F
3-2: SINGLE (Groundball, 34D)
Batting: LHB Jim Unknown 0-0: Ball
1-0: Ball
2-0: Called Strike
2-1: Called Strike
2-2: Foul Ball, location: 2F
2-2: Foul Ball, location: 2F
2-2: Ball
3-2: Ground out 3-1 (Groundball, 34)
Jim Unknown to second
Batting: RHB Juan Tapia 0-0: Ground out 5-3 (Groundball, 5L)
Batting: RHB Jim Unknown 0-0: Called Strike
0-1: Fly out, F8 (Line Drive, 8RM)
Top of the 1st over - 0 run(s), 1 hit(s), 0 error(s), 1 left on base; Sun Prairie 0 - Mercer Island 0
BOTTOM OF THE 1ST
Mercer Island Screaming Eagles batting - Pitching for Sun Prairie Swallows : RHP Jim Unknown
Pitching: RHP Jim Unknown
Batting: LHB Mike Russell 0-0: Ball
1-0: Called Strike
1-1: Called Strike
1-2: SINGLE (Line Drive, 8LS)
Batting: RHB Luis Jiménez 0-0: Called Strike
0-1: SINGLE (Line Drive, 8RS)
Mike Russell to second
Batting: RHB Luis Antonio Hernández 0-0: Grounds into double play, 6-4-3 (Groundball, 6)
Mike Russell to third
Batting: LHB Nelson Plasenia 0-0: Swinging Strike
0-1: Swinging Strike
0-2: Ball
1-2: Ball
2-2: Ball
3-2: DOUBLE (Flyball, 8LM)
Mike Russell scores
Batting: SHB Ray Davis 0-0: Called Strike
0-1: Swinging Strike
0-2: Fly out, F7 (Flyball, 78D)
Bottom of the 1st over - 1 run(s), 3 hit(s), 0 error(s), 1 left on base; Sun Prairie 0 - Mercer Island 1
TOP OF THE 2ND
Sun Prairie Swallows batting - Pitching for Mercer Island Screaming Eagles : RHP Adrian David
Batting: RHB Jim Unknown 0-0: Ball
1-0: Foul Ball, location: 2F
1-1: Foul Ball, location: 2F
1-2: Ball
2-2: Foul Ball, location: 2F
2-2: Ball
3-2: Strikes out swinging
Batting: RHB Jim Unknown 0-0: Called Strike
0-1: Foul Ball, location: 2F
0-2: Foul Ball, location: 2F
0-2: Fly out, F9 (Flyball, 89S)
Batting: RHB Jim Unknown 0-0: Ball
1-0: Called Strike
1-1: Swinging Strike
1-2: Strikes out looking
Top of the 2nd over - 0 run(s), 0 hit(s), 0 error(s), 0 left on base; Sun Prairie 0 - Mercer Island 1
BOTTOM OF THE 2ND
Mercer Island Screaming Eagles batting - Pitching for Sun Prairie Swallows : RHP Jim Unknown
Batting: RHB Vincente Flores 0-0: Ball
1-0: Ground out 5-3 (Groundball, 56)
Batting: LHB Tom Smith 0-0: Ball
1-0: Ball
2-0: Ball
3-0: Called Strike
3-1: Base on Balls
Batting: RHB Luis Rodríguez 0-0: Called Strike
0-1: Called Strike
0-2: Strikes out swinging
Batting: SHB Stephen Yates 0-0: Foul Ball, location: 2F
0-1: Ball
1-1: Foul Ball, location: 2F
1-2: DOUBLE (Line Drive, 9LD)
Tom Smith to third
Batting: LHB Mike Russell 0-0: Called Strike
0-1: Ball
1-1: Ball
2-1: Ground out 3-1 (Groundball, 34S)
Bottom of the 2nd over - 0 run(s), 1 hit(s), 0 error(s), 2 left on base; Sun Prairie 0 - Mercer Island 1
TOP OF THE 3RD
Sun Prairie Swallows batting - Pitching for Mercer Island Screaming Eagles : RHP Adrian David
Batting: LHB Jim Unknown 0-0: Called Strike
0-1: Swinging Strike
0-2: Foul Ball, location: 2F
0-2: Ball
1-2: Ball
2-2: Strikes out swinging
Batting: RHB Jim Unknown 0-0: Ball
1-0: Swinging Strike
1-1: Ball
2-1: Called Strike
2-2: Ball
3-2: Foul Ball, location: 2F
3-2: Foul Ball, location: 2F
3-2: Strikes out swinging
Batting: RHB Jim Unknown 0-0: Called Strike
0-1: Hit by Pitch
Batting: LHB Jim Unknown 0-0: SINGLE (Groundball, 6M)
Jim Unknown to second
Runner from 2nd tries for 3rd, SAFE, throw made to third
Batting: RHB Juan Tapia 0-0: Called Strike
0-1: SINGLE (Flyball, 89S)
Jim Unknown scores
Jim Unknown to second
Batting: RHB Jim Unknown 0-0: Called Strike
0-1: Ground out 1-3 (Groundball, 15)
Top of the 3rd over - 1 run(s), 2 hit(s), 0 error(s), 2 left on base; Sun Prairie 1 - Mercer Island 1
BOTTOM OF THE 3RD
Mercer Island Screaming Eagles batting - Pitching for Sun Prairie Swallows : RHP Jim Unknown
Batting: RHB Luis Jiménez 0-0: Foul Ball, location: 2F
0-1: Ball
1-1: SINGLE (Groundball, 56)
Batting: RHB Luis Antonio Hernández 0-0: Called Strike
0-1: Ball
1-1: Ball
2-1: Swinging Strike
2-2: TRIPLE (Flyball, 89XD)
Luis Jiménez scores
Batting: LHB Nelson Plasenia 0-0: Called Strike
0-1: Fly out, F8 (Flyball, 8LXD)
Runner from 3rd tags up, SCORES, no throw
Batting: SHB Ray Davis 0-0: Ball
1-0: Ball
2-0: Swinging Strike
2-1: DOUBLE (Groundball, 3L)
Batting: RHB Vincente Flores 0-0: Ground out 6-3 (Groundball, 6M)
Ray Davis to third
Batting: LHB Tom Smith 0-0: Ball
1-0: Foul Ball, location: 2F
1-1: Ball
2-1: Ground out 5-3 (Groundball, 5S)
Bottom of the 3rd over - 2 run(s), 3 hit(s), 0 error(s), 1 left on base; Sun Prairie 1 - Mercer Island 3
TOP OF THE 4TH
Sun Prairie Swallows batting - Pitching for Mercer Island Screaming Eagles : RHP Adrian David
Batting: RHB Jim Unknown 0-0: Called Strike
0-1: Called Strike
0-2: SINGLE (Groundball, 5D)
Batting: RHB Jim Unknown 0-0: Ball
1-0: Ball
2-0: Ball
3-0: Called Strike
3-1: Foul Ball, location: 2F
3-2: Fly out, F8 (Flyball, 8RD)
Batting: RHB Jim Unknown 0-0: Called Strike
0-1: Foul Ball, location: 2F
0-2: Ball
1-2: Foul Ball, location: 2F
1-2: Foul Ball, location: 2F
1-2: Grounds into double play, 5-4-3 (Groundball, 5)
Top of the 4th over - 0 run(s), 1 hit(s), 0 error(s), 0 left on base; Sun Prairie 1 - Mercer Island 3
BOTTOM OF THE 4TH
Mercer Island Screaming Eagles batting - Pitching for Sun Prairie Swallows : RHP Jim Unknown
Batting: RHB Luis Rodríguez 0-0: Swinging Strike
0-1: Fly out, F8 (Flyball, 8RM)
Batting: SHB Stephen Yates 0-0: Called Strike
0-1: Foul Ball, location: 2F
0-2: Foul Ball, location: 2F
0-2: Ball
1-2: Ball
2-2: Ball
3-2: Ground out 4-3 (Groundball, 34)
Batting: LHB Mike Russell 0-0: Called Strike
0-1: Called Strike
0-2: Ball
1-2: Ball
2-2: Ground out 4-3 (Groundball, 4)
Bottom of the 4th over - 0 run(s), 0 hit(s), 0 error(s), 0 left on base; Sun Prairie 1 - Mercer Island 3
TOP OF THE 5TH
Sun Prairie Swallows batting - Pitching for Mercer Island Screaming Eagles : RHP Adrian David
Batting: LHB Jim Unknown 0-0: Swinging Strike
0-1: Called Strike
0-2: Strikes out swinging
Batting: RHB Jim Unknown 0-0: Foul Ball, location: 2F
0-1: Foul Ball, location: 2F
0-2: Ball
1-2: Foul Ball, location: 2F
1-2: Ball
2-2: Foul Ball, location: 2F
2-2: DOUBLE (Line Drive, 8RD)
Batting: RHB Jim Unknown 0-0: Swinging Strike
0-1: Swinging Strike
0-2: SINGLE (Groundball, 56D)
Jim Unknown to third
Runner from 3rd tries for Home, SAFE, throw made home
Batting: LHB Jim Unknown 0-0: Ball
1-0: Ball
2-0: Called Strike
2-1: Called Strike
2-2: Foul Ball, location: 2F
2-2: Foul Ball, location: 2F
2-2: Ground out 4-3 (Groundball, 4S)
Jim Unknown to second
Batting: RHB Juan Tapia 0-0: Swinging Strike
0-1: Fly out, F9 (Flyball, 89D)
Top of the 5th over - 1 run(s), 2 hit(s), 0 error(s), 1 left on base; Sun Prairie 2 - Mercer Island 3
BOTTOM OF THE 5TH
Mercer Island Screaming Eagles batting - Pitching for Sun Prairie Swallows : RHP Jim Unknown
Batting: RHB Luis Jiménez 0-0: Called Strike
0-1: Ball
1-1: Ball
2-1: Ball
3-1: Called Strike
3-2: Foul Ball, location: 2F
3-2: Strikes out swinging
Batting: RHB Luis Antonio Hernández 0-0: Ball
1-0: Foul Ball, location: 2F
1-1: Ground out 6-3 (Groundball, 6)
Batting: LHB Nelson Plasenia 0-0: Called Strike
0-1: Called Strike
0-2: SINGLE (Groundball, 34D)
Batting: SHB Ray Davis 0-0: Ball
1-0: Ground out 4-3 (Groundball, 34)
Bottom of the 5th over - 0 run(s), 1 hit(s), 0 error(s), 1 left on base; Sun Prairie 2 - Mercer Island 3
TOP OF THE 6TH
Sun Prairie Swallows batting - Pitching for Mercer Island Screaming Eagles : RHP Adrian David
Batting: RHB Jim Unknown 0-0: Called Strike
0-1: Swinging Strike
0-2: Ball
1-2: Ground out 6-3 (Groundball, 6)
Batting: RHB Jim Unknown 0-0: Ball
1-0: Ball
2-0: Called Strike
2-1: Ball
3-1: Foul Ball, location: 2F
3-2: Base on Balls
Batting: RHB Jim Unknown 0-0: Ball
1-0: Called Strike
1-1: Swinging Strike
1-2: Ball
2-2: Ball
3-2: Foul Ball, location: 2F
3-2: 2-RUN HOME RUN (Flyball, 8RXD), Distance : 435 ft
Batting: RHB Jim Unknown 0-0: Ball
1-0: SINGLE (Groundball, 56D)
Batting: LHB Jim Unknown 0-0: Ground out U3 (Groundball, 3S)
Jim Unknown to second
Batting: RHB Jim Unknown 0-0: Fly out, F7 (Flyball, 7S)
Top of the 6th over - 2 run(s), 2 hit(s), 0 error(s), 1 left on base; Sun Prairie 4 - Mercer Island 3
BOTTOM OF THE 6TH
Mercer Island Screaming Eagles batting - Pitching for Sun Prairie Swallows : RHP Jim Unknown
Batting: RHB Vincente Flores 0-0: Ball
1-0: Ball
2-0: Fly out, F8 (Popup, 89S)
Batting: LHB Tom Smith 0-0: Ball
1-0: Ball
2-0: Fly out, F8 (Flyball, 8LXD)
Batting: RHB Luis Rodríguez 0-0: Ball
1-0: Ball
2-0: Called Strike
2-1: Ball
3-1: SINGLE (Flyball, 34D)
Batting: SHB Stephen Yates 0-0: Ball
1-0: Ball
2-0: Foul Ball, location: 2F
2-1: Ground out 1-3 (Groundball, 13)
Bottom of the 6th over - 0 run(s), 1 hit(s), 0 error(s), 1 left on base; Sun Prairie 4 - Mercer Island 3
TOP OF THE 7TH
Sun Prairie Swallows batting - Pitching for Mercer Island Screaming Eagles : RHP Adrian David
Batting: RHB Jim Unknown 0-0: Called Strike
0-1: Ball
1-1: Foul Ball, location: 2F
1-2: Foul Ball, location: 2F
1-2: Ball
2-2: Ball
3-2: Strikes out swinging
Batting: LHB Jim Unknown 0-0: Called Strike
0-1: Ball
1-1: Foul Ball, location: 2F
1-2: Foul Ball, location: 2F
1-2: Foul Ball, location: 2F
1-2: Ground out 6-3 (Groundball, 6)
Batting: RHB Juan Tapia 0-0: Called Strike
0-1: SINGLE (Line Drive, 7S)
Pitching: LHP Miguel Mora
Batting: RHB Jim Unknown 0-0: Ball
1-0: Fly out, F8 (Line Drive, 8LM)
Top of the 7th over - 0 run(s), 1 hit(s), 0 error(s), 1 left on base; Sun Prairie 4 - Mercer Island 3
BOTTOM OF THE 7TH
Mercer Island Screaming Eagles batting - Pitching for Sun Prairie Swallows : RHP Jim Unknown
Batting: LHB Mike Russell 0-0: SOLO HOME RUN (Flyball, 89XD), Distance : 426 ft
Batting: RHB Luis Jiménez 0-0: Fly out, F8 (Flyball, 8RM)
Batting: RHB Luis Antonio Hernández 0-0: Ball
1-0: Ball
2-0: Swinging Strike
2-1: Fly out, F8 (Flyball, 8LM)
Batting: LHB Nelson Plasenia 0-0: Ground out 6-3 (Groundball, 6M)
Bottom of the 7th over - 1 run(s), 1 hit(s), 0 error(s), 0 left on base; Sun Prairie 4 - Mercer Island 4
TOP OF THE 8TH
Sun Prairie Swallows batting - Pitching for Mercer Island Screaming Eagles : LHP Miguel Mora
Pinch Hitting: RHB Jim Unknown 0-0: Called Strike
0-1: Ball
1-1: Fly out, F5 (Popup, 5SF)
Batting: RHB Jim Unknown 0-0: Ball
1-0: Ball
2-0: Fly out, F7 (Flyball, 78S)
Batting: RHB Jim Unknown 0-0: Ball
1-0: Swinging Strike
1-1: Ball
2-1: Foul Ball, location: 2F
2-2: Strikes out swinging
Top of the 8th over - 0 run(s), 0 hit(s), 0 error(s), 0 left on base; Sun Prairie 4 - Mercer Island 4
BOTTOM OF THE 8TH
Mercer Island Screaming Eagles batting - Pitching for Sun Prairie Swallows : RHP Jim Unknown
Now at 3B: Jim Unknown
Batting: SHB Ray Davis 0-0: Called Strike
0-1: Fly out, F8 (Flyball, 8LXD)
Batting: RHB Vincente Flores 0-0: Fly out, F8 (Popup, 89S)
Batting: LHB Tom Smith 0-0: SINGLE (Groundball, 3L)
Pinch Hitting: RHB Kyle Bridges 0-0: Foul Ball, location: 2F
0-1: Foul Ball, location: 2F
0-2: Ball
1-2: Ball
2-2: Fielders Choice at 2nd, 5-4 (Groundball, 56)
Bottom of the 8th over - 0 run(s), 1 hit(s), 0 error(s), 0 left on base; Sun Prairie 4 - Mercer Island 4
TOP OF THE 9TH
Sun Prairie Swallows batting - Pitching for Mercer Island Screaming Eagles : LHP Miguel Mora
Pitching: RHP Jim Unknown
Now in CF: Mauro López
Batting: LHB Jim Unknown 0-0: Called Strike
0-1: Ball
1-1: Foul Ball, location: 2F
1-2: SOLO HOME RUN (Flyball, 78XD), Distance : 436 ft
Batting: RHB Jim Unknown 0-0: Foul Ball, location: 2F
0-1: Ball
1-1: Ball
2-1: Foul Ball, location: 2F
2-2: Ball
3-2: Base on Balls
Batting: RHB Jim Unknown 0-0: Bunted foul
0-1: Bunt missed!
0-2: Ball
1-2: Strikes out looking
Batting: LHB Jim Unknown 0-0: Ball
1-0: Fly out, F7 (Flyball, 78S)
Batting: RHB Juan Tapia 0-0: Ball
1-0: Called Strike
1-1: SINGLE (Groundball, 34D)
Jim Unknown to second
Runner from 2nd tries for 3rd, SAFE, no throw or cutoff
Batting: RHB Jim Unknown 0-0: Called Strike
0-1: Ball
1-1: SINGLE (Line Drive, 8LS)
Jim Unknown scores
Juan Tapia to second
Pinch Hitting: LHB Jim Unknown 0-0: Swinging Strike
0-1: Ground out 5-3 (Groundball, 56)
Top of the 9th over - 2 run(s), 3 hit(s), 0 error(s), 2 left on base; Sun Prairie 6 - Mercer Island 4
BOTTOM OF THE 9TH
Mercer Island Screaming Eagles batting - Pitching for Sun Prairie Swallows : RHP Jim Unknown
Pitching: RHP Iván García
Now at 3B: Jim Unknown
Batting: SHB Stephen Yates 0-0: Called Strike
0-1: Foul Ball, location: 2F
0-2: Fly out, F9 (Flyball, 9LM)
Batting: LHB Mike Russell 0-0: Ball
1-0: Ball
2-0: Foul Ball, location: 2F
2-1: Foul Ball, location: 2F
2-2: Foul Ball, location: 2F
2-2: Strikes out swinging
Batting: RHB Luis Jiménez 0-0: Ball
1-0: Called Strike
1-1: Fly out, F8 (Flyball, 8LM)
Bottom of the 9th over - 0 run(s), 0 hit(s), 0 error(s), 0 left on base; Sun Prairie 6 - Mercer Island 4
This league is powered by Out of the Park Baseball, the baseball management simulation game for PC, Mac and Linux
Friday, October 23rd, 2015 - OOTP Baseball 16.9 Build 39